 Dungeon Crawl Stone Soup version 0.18-a0-731-ga019a5f (webtiles) character file.

48 M4edhros the Charlatan (level 3, -1/23 HPs)
             Began as an Octopode Artificer on Dec 9, 2015.
             Was an Initiate of Fedhas.
             Killed from afar by a hobgoblin (10 damage)
             ... with a wand of frost
             ... on level 2 of the Dungeon.
             The game lasted 00:01:40 (1324 turns).

M4edhros the Charlatan (Octopode Artificer)         Turns: 1324, Time: 00:01:40

Health: -1/23      AC:  1    Str: 10    XL:     3   Next: 72%
Magic:  6/6        EV: 12    Int: 15    God:    Fedhas [......]
Gold:   128        SH:  0    Dex: 12    Spells: 0 memorised, 2 levels left

rFire  . . .     SeeInvis .     a - +0 short sword
rCold  . . .     Clarity  .     (no shield)
rNeg   . . .     SustAt   .     (helmet restricted)
rPois  .         Gourm    .     (no amulet)
rElec  .         Spirit   .     (no ring)
rCorr  .         Dismiss  .     (no ring)
rMut   .         Stasis   .     (no ring)
MR     .....                    (no ring)
Stlth  ++++......               (no ring)
                                (no ring)
                                (no ring)
                                (no ring)

@: not resistant to hostile enchantments, stealthy
A: almost no armour, amphibious, 8 rings, constrict 8, camouflage 1, gelatinous
body 1
a: Renounce Religion


You were on level 2 of the Dungeon.
You worshipped Fedhas.
Fedhas was noncommittal.
You were very hungry.

You visited 2 branches of the dungeon, and saw 5 of its levels.

You collected 128 gold pieces.

Inventory:

Hand Weapons
 a - a +0 short sword (weapon)
Missiles
 h - 55 stones (quivered)
Wands
 b - a wand of flame (12)
 c - a wand of enslavement (15)
 d - a wand of random effects (15)
Scrolls
 f - 3 scrolls of identify {unknown}
 g - a scroll of random uselessness {unknown}
 n - a scroll of magic mapping {unknown}
 p - 3 scrolls of teleportation {unknown}
 q - a scroll of immolation {unknown}
 r - a scroll of remove curse {unknown}
Potions
 i - a potion of heal wounds {unknown}
 j - a potion of brilliance {unknown}
 k - a potion of curing {unknown}
 o - a potion of haste {unknown}
Comestibles
 e - 3 bread rations
 l - a meat ration
 m - 4 fruits


   Skills:
 - Level 1.0 Fighting
 - Level 1.0 Short Blades
 - Level 2.0 Dodging
 + Level 3.8 Stealth
 + Level 4.1 Evocations


You had 2 spell levels left.
You didn't know any spells.

Dungeon Overview and Level Annotations

Branches:
Dungeon (4/15)             Temple (1/1) D:4

Altars:
Ashenzari
Elyvilon
Fedhas
Makhleb
Nemelex Xobeh
Okawaru
Pakellas
Sif Muna
Trog
Xom
Yredelemnul
The Shining One


Innate Abilities, Weirdness & Mutations

You cannot wear most types of armour.
You are amphibious.
You can wear up to eight rings at the same time.
You can use your tentacles to constrict eight enemies at once.
Your skin changes colour to match your surroundings (Stealth).
Your rubbery body absorbs attacks (AC +1).


Message History

You feel sick.
You close the door.
You start resting.
You feel sick.
You feel sick. x2
You are no longer poisoned.
You start resting.
A kobold opens the door.
It is wielding a short sword.
A kobold comes into view. It is wielding a dagger.
The kobold shouts! x2
You hit the kobold. Your grab misses the kobold.
The kobold is moderately wounded.
The kobold misses you.
A hobgoblin comes into view.
The hobgoblin shouts!
You hit the kobold.
You kill the kobold!
The hobgoblin zaps a wand.
The puff of frost hits you!
You die... "It was about time."
Fedhas appreciates your contribution to the ecosystem.

............... .......
########.######)....
##.#.## #.........# ....
#..# #.........# .....
#.# #.........# ##K....
#.. #.........# ......#
##. #####.........#
......# #.
..............###..[...#
#.
.<..............@.......
###
.......##########)...g.#
#.. ######## ......# #..
......# #.. ....... #..
.##.... #.. .# ...? #..
.# ... #.. ###


You could see a hobgoblin and a kobold.

Vanquished Creatures
  2 adders (D:2)
  A giant gecko (D:1)
  A ball python (D:1)
  2 bats (D:1)
  3 hobgoblins
  2 giant cockroaches
  8 giant newts
  4 goblins
  5 kobolds
  5 rats
33 creatures vanquished.

Vanquished Creatures (others)
  7 toadstools
7 creatures vanquished.

Grand Total: 40 creatures vanquished

Notes
Turn   | Place    | Note
--------------------------------------------------------------
     0 | D:1      | M4edhros the Octopode Artificer began the quest for the Orb.
     0 | D:1      | Reached XP level 1. HP: 13/13 MP: 3/3
   180 | D:1      | Reached XP level 2. HP: 9/18 MP: 4/4
   451 | D:1      | Found a sparkling altar of Nemelex Xobeh.
   498 | D:2      | Found a sparkling altar of Nemelex Xobeh.
   567 | D:2      | Reached XP level 3. HP: 23/23 MP: 5/5
   659 | D:2      | You fall through a shaft!
   668 | D:4      | Found a staircase to the Ecumenical Temple.
   675 | Temple   | Entered the Ecumenical Temple
   756 | Temple   | Became a worshipper of The Xom-Meister, Xom-Xom-bo-Bom, Banana-Fana-fo-Fom
   783 | Temple   | Fell from the grace of Xom
   783 | Temple   | Became a worshipper of Fedhas Madash
  1070 | D:1      | Reached skill level 4 in Evocations
  1138 | D:1      | XOM: summons 5 hostile shadow creatures
  1324 | D:2      | Killed from afar by a hobgoblin

Vault maps used:
D:1:      tarquinn_simple_flora_water_e, minmay_misc_feat_nine_boxes,
          minmay_crystal_water, nemelex_diamond_rough_becter
D:2:      nemelex_lonely_heart_becter, uniq_iyjb
D:4:      minmay_temple_entry_junction2
Temple:   jpeg_temple_clearing_12

Action                   || total
-------------------------++-------
Melee: Short sword       ||    69
Evoke: Wand              ||     3
 Stab: Sleeping          ||    15
